 Dungeon Crawl Stone Soup version 0.30-a0-777-ga9a30cbeda (webtiles) character file.

Game seed: 7693842712561163442

4523 Twinkles the Ducker (level 10, -2/68 HPs)
             Began as a Gnoll Hexslinger on Feb 13, 2023.
             Was a Believer of Hepliaklqana.
             Shot with an arrow by a centaur warrior (10 damage)
             ... on level 9 of the Dungeon on Feb 14, 2023.
             The game lasted 00:41:48 (10383 turns).

Twinkles the Ducker (Gnoll Hexslinger)             Turns: 10383, Time: 00:41:48

Health: -2/68      AC: 10    Str:  9    XL:     10   Next: 39%
Magic:  22/28      EV: 13    Int: 12    God:    Hepliaklqana [**....]
Gold:   145        SH:  0    Dex: 18    Spells: 15/21 levels left

rFire   . . .      SeeInvis .    b - +0 sling (heavy)
rCold   . . .      Faith    .    (no shield)
rNeg    . . .      Spirit   .    D - +1 ring mail {rPois}
rPois   +          Reflect  .    t - +0 helmet
rElec   .          Harm     .    (no cloak)
rCorr   .          Rampage  .    d - +1 pair of gloves
Will    .....                    (no boots)
Stlth   +++                      (no amulet)
HPRegen 0.31/turn                f - ring of wizardry
MPRegen 0.21/turn                o - ring of magical power

@: no status effects
A: reduced essence, fangs 1, strong nose, distributed training
a: Renounce Religion, Recall Ancestor, Ancestor Identity


You were on level 9 of the Dungeon.
You worshipped Hepliaklqana.
Hepliaklqana was pleased with you.
You visited 2 branches of the dungeon, and saw 10 of its levels.

You collected 370 gold pieces.
You spent 225 gold pieces at shops.

Inventory:

Hand Weapons
 a - the +7 quarterstaff of the Blowfly {heavy, rC+ MP+9}
   (You bought it in a shop on level 1 of the Dungeon)

   rC:        It protects you from cold.
   MP:        It affects your magic capacity (+9).
 b - a +0 heavy sling (weapon)
 e - a +1 sling
 s - a +3 battleaxe
 H - a +2 dire flail of venom
Missiles
 h - 6 silver javelins
Armour
 c - a +0 robe
 d - a +1 pair of gloves (worn)
 j - a +0 leather armour
 t - a +0 helmet (worn)
 D - a +1 ring mail of poison resistance (worn)
Jewellery
 f - a ring of wizardry (left hand)
 n - a ring of fire
 o - a ring of magical power (right hand)
 p - a ring of poison resistance
 r - a ring of ice
 M - a ring of flight
Wands
 q - a wand of flame (28)
 G - a wand of roots (8)
Scrolls
 g - a scroll of magic mapping {unknown}
 l - 2 scrolls of silence {unknown}
 m - 2 scrolls of teleportation {unknown}
 u - a scroll of summoning {unknown}
 x - a scroll of blinking {unknown}
 y - 2 scrolls of amnesia {unknown}
 A - 2 scrolls of noise {unknown}
 C - 4 scrolls of poison
 E - 4 scrolls of fear
 F - 5 scrolls of fog
 I - a scroll of torment {unknown}
 K - 6 scrolls of immolation
 V - a scroll of vulnerability
 Z - 2 scrolls of identify
Potions
 i - a potion of mutation {unknown}
 k - a potion of might {unknown}
 v - a potion of invisibility {unknown}
 w - a potion of lignification {unknown}
 z - a potion of cancellation {unknown}
 B - 2 potions of brilliance
 J - 4 potions of curing
 L - 3 potions of flight


   Skills:
 + Level 6.1 Fighting
 + Level 5.4 Short Blades
 + Level 5.4 Long Blades
 + Level 5.4 Axes
 + Level 5.4 Maces & Flails
 + Level 5.4 Polearms
 + Level 5.4 Staves
 + Level 7.2 Ranged Weapons
 + Level 5.4 Throwing
 + Level 5.4 Armour
 + Level 7.2 Dodging
 + Level 5.4 Stealth
 + Level 5.4 Shields
 + Level 5.4 Unarmed Combat
 + Level 6.2 Spellcasting
 + Level 4.5 Conjurations
 + Level 7.1 Hexes
 + Level 4.5 Summonings
 + Level 4.5 Necromancy
 + Level 4.5 Translocations
 + Level 4.5 Transmutations
 + Level 4.5 Fire Magic
 + Level 4.5 Ice Magic
 + Level 4.5 Air Magic
 + Level 4.5 Earth Magic
 + Level 4.5 Poison Magic
 + Level 6.0 Invocations
 + Level 5.4 Evocations


You had 15 spell levels left.
You knew the following spells:

 Your Spells              Type           Power      Damage    Failure   Level
a - Slow                  Hex            80%        N/A       1%          1
b - Blink                 Tloc           28%        N/A       4%          2
m - Mephitic Cloud        Conj/Pois/Air  14%        N/A       9%          3

Your spell library contained the following spells:

 Spells                   Type           Power      Damage    Failure   Level
 Magic Dart               Conj           56%        1d5       2%          1
 Call Imp                 Summ           14%        N/A       4%          2
 Inner Flame              Hex/Fire       17%        N/A       4%          3
 Portal Projectile        Hex/Tloc       34%        N/A       4%          3
 Cause Fear               Hex            10%        N/A       10%         4
 Manifold Assault         Tloc           14%        N/A       26%         4
 Storm Form               Tmut/Air       7%         N/A       100%        7


Dungeon Overview and Level Annotations

Branches:
Dungeon (9/15) Zot: 26544  Temple (1/1) D:5 Zot: 5947
   Lair: D:8-11         Orc: D:9-12

Altars:
Dithmenos
Fedhas
Gozag
Hepliaklqana
Kikubaaqudgha
Nemelex Xobeh
Okawaru
Qazlal
Ru
Sif Muna
Trog
Uskayaw
Vehumet
Wu Jian
Xom
Yredelemnul
Zin
The Shining One

Shops:
D:1 *   D:3 :

Annotations:
D:5 1 runed translucent door, exclusion: downstairs, pokeman's ghost, novice DEHW
D:6 Maggie
D:7 3 runed translucent doors, Crazy Yiuf


Innate Abilities, Weirdness & Mutations

Your life essence is reduced to manifest your ancestor. (-10% HP)
You have very sharp teeth.
Your uncanny sense of smell can sniff out nearby items.
Your experience applies equally to all skills.


Message History

Arsinoe hits the troll with a +0 quarterstaff.
You shoot a sling bullet. The sling bullet hits the troll!
You kill the troll!
Your Invocations skill increases to level 6!
You start waiting.
Ancestor HP restored.
You start waiting.
Done waiting.
Casting: Mephitic Cloud (dangerous; 9% risk of failure)
Confirm with . or Enter, or press ? or * to list all spells.
You can't see any susceptible monsters within range! (Use Z to cast anyway.)
The centaur warrior shouts!
The centaur warrior shoots an arrow.
The arrow completely misses you.
Casting: Mephitic Cloud (dangerous; 9% risk of failure)
Confirm with . or Enter, or press ? or * to list all spells.
Aiming: Mephitic Cloud (dangerous; 9% risk of failure)
Press: ? - help, Shift-Dir - straight line The ball explodes into a vile cloud!
The stinking cloud engulfs the centaur warrior but does no damage.
The centaur warrior shoots an arrow.
The arrow hits you!
The centaur warrior shoots an arrow.
The arrow hits you!
The centaur warrior shoots an arrow.
The arrow hits you!!
Casting: Mephitic Cloud (dangerous; 9% risk of failure)
Confirm with . or Enter, or press ? or * to list all spells.
Aiming: Mephitic Cloud (dangerous; 9% risk of failure)
Press: ? - help, Shift-Dir - straight line, f - centaur warrior
Aim: a centaur warrior, wielding a +0 shortbow (ally target, chance to affect: 53%)
The ball explodes into a vile cloud!
The stinking cloud engulfs the centaur warrior but does no damage.
The centaur warrior is engulfed in noxious fumes.
The centaur warrior shoots an arrow.
The arrow hits you.
The centaur warrior is engulfed in noxious fumes.
The centaur warrior shoots an arrow.
The arrow hits you!
* * * LOW HITPOINT WARNING * * *
Arsinoe gestures at the centaur warrior while chanting.
The puff of frost hits the centaur warrior!
You swap places.
The centaur warrior is engulfed in noxious fumes.
The centaur warrior shoots an arrow.
The arrow hits you!
You die...

#................))).....
####÷#######.#)#########.
#............#.# #.
#.##.#########.# #.
#.##.# #.# ## #R##.######
... # #.#.......# #.# #
#.#######.# #.. #
#......R@.# #.. #
#.#.....### . ##○.○°...#
#○c###..# #○.# #....
######..# #...#
#.......###...#
#.#####.#.#...# #.c.#


You could see the friendly Arsinoe the battlemage and a centaur warrior (ally
target).

Vanquished Creatures
  A manticore (D:8)
  2 trolls
  Sigmund (D:6)
  3 yaks (D:9)
  A wyvern (D:8)
  A steam dragon (D:7)
  Edmund (D:6)
  A water moccasin (D:6)
  3 ice beasts
  2 orc warriors
  An ogre (D:7)
  3 centaurs
  3 phantoms
  2 bullfrogs
  2 scorpions
  4 wights
  A howler monkey (D:8)
  6 hounds
  A jelly (D:6)
  A gnoll bouda (D:4)
  3 orc priests
  5 iguanas
  6 orc wizards
  An ancestor (D:7)
  6 adders
  7 gnolls
  A shadow imp (D:5)
  2 white imps (D:5)
  An ufetubus (D:5)
  3 worms
  4 dart slugs
  13 orcs
  9 endoplasms
  3 giant cockroaches
  9 goblins
  7 hobgoblins
  11 jackals
  5 quokkas
  5 ball pythons
  A bat (D:1)
  6 frilled lizards
  5 kobolds
  5 rats
158 creatures vanquished.

Vanquished Creatures (collateral kills)
  A centaur (D:8)
  A necrophage (D:7)
  A bullfrog (D:7)
  2 orc wizards
  A shadow imp (D:7)
  5 orcs
11 creatures vanquished.

Vanquished Creatures (others)
  A battlemage (D:9)
  3 ancestors
  6 plants
10 creatures vanquished.

Grand Total: 179 creatures vanquished

Notes
Turn   | Place    | Note
-------+----------+-------------------------------------------
     0 | D:1      | Twinkles the Gnoll Hexslinger began the quest for the Orb.
     0 | D:1      | Reached XP level 1. HP: 17/17 MP: 4/4
   222 | D:1      | Found a faded altar of an unknown god.
   230 | D:1      | HP: 5/17 [frozen (5)]
   233 | D:1      | Reached XP level 2. HP: 6/23 MP: 1/5
   371 | D:1      | Found Rofadawk's Assorted Antiques.
  1137 | D:2      | Reached XP level 3. HP: 27/28 MP: 7/7
  1165 | D:2      | Reached skill level 1 in Invocations
  1377 | D:2      | Reached skill level 1 in Short Blades
  1377 | D:2      | Reached skill level 1 in Long Blades
  1377 | D:2      | Reached skill level 1 in Axes
  1377 | D:2      | Reached skill level 1 in Maces & Flails
  1377 | D:2      | Reached skill level 1 in Polearms
  1377 | D:2      | Reached skill level 1 in Staves
  1377 | D:2      | Reached skill level 1 in Throwing
  1377 | D:2      | Reached skill level 1 in Armour
  1377 | D:2      | Reached skill level 1 in Stealth
  1377 | D:2      | Reached skill level 1 in Shields
  1377 | D:2      | Reached skill level 1 in Unarmed Combat
  1377 | D:2      | Reached skill level 1 in Evocations
  1770 | D:3      | Reached XP level 4. HP: 22/34 MP: 8/8
  1887 | D:3      | Found Najait's Book Shop.
  1969 | D:3      | Reached skill level 1 in Conjurations
  1969 | D:3      | Reached skill level 1 in Summonings
  1969 | D:3      | Reached skill level 1 in Necromancy
  1969 | D:3      | Reached skill level 1 in Translocations
  1969 | D:3      | Reached skill level 1 in Transmutations
  1969 | D:3      | Reached skill level 1 in Fire Magic
  1969 | D:3      | Reached skill level 1 in Ice Magic
  1969 | D:3      | Reached skill level 1 in Air Magic
  1969 | D:3      | Reached skill level 1 in Earth Magic
  1969 | D:3      | Reached skill level 1 in Poison Magic
  2038 | D:3      | Found a blossoming altar of Fedhas.
  2044 | D:3      | Found a stormy altar of Qazlal.
  2138 | D:3      | HP: 9/34 [hound (4)]
  2138 | D:3      | HP: 4/34 [hound (5)]
  2140 | D:3      | Reached XP level 5. HP: 6/40 MP: 9/9
  3052 | D:4      | Reached XP level 6. HP: 34/47 MP: 11/11
  3400 | D:4      | Reached skill level 5 in Ranged Weapons
  3400 | D:4      | Reached skill level 5 in Dodging
  3633 | D:4      | HP: 14/47 [gnoll bouda/+0 whip (4)]
  4148 | D:5      | Entered Level 5 of the Dungeon
  4178 | D:5      | Reached XP level 7. HP: 52/52 MP: 12/12
  4411 | D:5      | HP: 14/52 [centaur/arrow (8)]
  4412 | D:5      | HP: 6/52 [centaur/arrow (9)]
  4742 | D:5      | Found a runed translucent door.
  4753 | D:5      | Noticed pokeman's ghost (novice DEHW)
  4818 | D:5      | Learned a level 2 spell: Blink
  4937 | D:5      | Found a staircase to the Ecumenical Temple.
  4944 | Temple   | Entered the Ecumenical Temple
  4963 | Temple   | Upgraded the game from 0.30-a0-772-g5528072125 to
                  | 0.30-a0-777-ga9a30cbeda
  4991 | Temple   | Became a worshipper of Hepliaklqana the Forgotten
  5501 | D:5      | Reached XP level 8. HP: 60/60 MP: 14/14
  5786 | D:6      | Noticed Sigmund
  6190 | D:6      | Learned a level 3 spell: Mephitic Cloud
  6202 | D:6      | Killed Sigmund
  6371 | D:6      | Noticed Edmund
  6427 | D:6      | Killed Edmund
  6682 | D:6      | Noticed Maggie
  6904 | D:6      | HP: 16/61 [water moccasin (3)]
  7427 | D:7      | Reached XP level 9. HP: 59/66 MP: 16/16
  7491 | D:7      | Reached * piety under Hepliaklqana
  7529 | D:7      | Reached skill level 5 in Spellcasting
  7677 | D:7      | Found a large runed translucent door.
  7678 | D:7      | Found a large runed translucent door.
  7707 | D:7      | Reached skill level 5 in Fighting
  7759 | D:7      | Found a runed translucent door.
  7760 | D:7      | Noticed Crazy Yiuf
  7792 | D:7      | Found a radiant altar of Vehumet.
  7814 | D:7      | Noticed a troll
  7829 | D:7      | HP: 17/61 [troll (4)]
  7865 | D:7      | Killed a troll
  8103 | D:7      | Reached skill level 5 in Invocations
  8466 | D:1      | Bought a bloodstained quarterstaff for 225 gold pieces
  8466 | D:1      | Identified the +7 quarterstaff of the Blowfly {heavy, rC+
                  | MP+9} (You bought it in a shop on level 1 of the Dungeon)
  9083 | D:8      | Noticed a manticore
  9100 | D:8      | HP: 18/61 [manticore/volley of spikes (17)]
  9103 | D:8      | Killed a manticore
  9283 | D:8      | Reached skill level 5 in Short Blades
  9283 | D:8      | Reached skill level 5 in Long Blades
  9283 | D:8      | Reached skill level 5 in Axes
  9283 | D:8      | Reached skill level 5 in Maces & Flails
  9283 | D:8      | Reached skill level 5 in Polearms
  9283 | D:8      | Reached skill level 5 in Staves
  9283 | D:8      | Reached skill level 5 in Throwing
  9283 | D:8      | Reached skill level 5 in Armour
  9283 | D:8      | Reached skill level 5 in Stealth
  9283 | D:8      | Reached skill level 5 in Shields
  9283 | D:8      | Reached skill level 5 in Unarmed Combat
  9283 | D:8      | Reached skill level 5 in Evocations
  9283 | D:8      | Reached XP level 10. HP: 68/68 MP: 18/18
  9989 | D:9      | Reached ** piety under Hepliaklqana
  9990 | D:9      | Remembered your ancestor Arsinoe as a battlemage
 10242 | D:9      | Noticed a centaur warrior
 10382 | D:9      | HP: 7/68 [centaur warrior/arrow (14)]
 10383 | D:9      | Shot with an arrow by a centaur warrior

Illustrated notes

Levels and vault maps discovered:
D:1:      minmay_arrival_up_and_down, layout_basic, serial_shops,
          shop_fountains, hellmonk_ecumenical_altar_slurped_away
D:2:      layout_rooms, chequers_serial_rivers_large_b,
          kennysheep_generic_room_14
D:3:      layout_loops_ring, grunt_temple_overflow_forces_of_nature,
          serial_shops, shop
D:4:      layout_basic, serial_bayou_pond_b
D:5:      layout_gridville, minmay_temple_entry_gardened_gates,
          ebering_ghost_sewer_d
D:6:      layout_basic, minmay_misc_feat_rows, minivault_24, uniq_maggie,
          uniq_edmund, uniq_sigmund
D:7:      layout_basic, mainiacjoe_overflow_24_doors, jmf_multi_god_temple2,
          uniq_crazy_yiuf_cottage
D:8:      gammafunk_indiana_jones, layout_loops_ring,
          eino_small_chamber_without_monster
D:9:      layout_basic, kennysheep_mini, orc_0_dummy
Temple:   minmay_freezing_vapour_temple

Skill      XL: |  1  2  3  4  5  6  7  8  9 10 |
---------------+-------------------------------+-----
Invocations    | 1 2 3 4 5 6 |  6.0
Short Blades   | 1 2 3 5 |  5.4
Long Blades    | 1 2 3 5 |  5.4
Axes           | 1 2 3 5 |  5.4
Maces & Flails | 1 2 3 5 |  5.4
Polearms       | 1 2 3 5 |  5.4
Staves         | 1 2 3 5 |  5.4
Throwing       | 1 2 3 5 |  5.4
Armour         | 1 2 3 5 |  5.4
Stealth        | 1 2 3 5 |  5.4
Shields        | 1 2 3 5 |  5.4
Unarmed Combat | 1 2 3 5 |  5.4
Evocations     | 1 2 3 5 |  5.4
Spellcasting   | 3 4 5 6 |  6.2
Conjurations   | 1 2 3 4 |  4.5
Summonings     | 1 2 3 4 |  4.5
Necromancy     | 1 2 3 4 |  4.5
Translocations | 1 2 3 4 |  4.5
Transmutations | 1 2 3 4 |  4.5
Fire Magic     | 1 2 3 4 |  4.5
Ice Magic      | 1 2 3 4 |  4.5
Air Magic      | 1 2 3 4 |  4.5
Earth Magic    | 1 2 3 4 |  4.5
Poison Magic   | 1 2 3 4 |  4.5
Fighting       | 3 4 5 6 |  6.1
Ranged Weapons | 5 6 7 |  7.2
Dodging        | 5 6 7 |  7.2
Hexes          | 6 7 |  7.1

Action                     |  1- 3 |  4- 6 |  7- 9 | 10-12 || total
---------------------------+-------+-------+-------+-------++-------
  Melee: Dire flail        |       |       |    19 |       ||    19
         Bite              |       |       |     4 |     3 ||     7
         Quarterstaff      |       |       |     7 |    15 ||    22
   Fire: Sling             |   128 |   195 |   192 |    50 ||   565
   Cast: Slow              |     2 |     4 |    24 |     9 ||    39
         Blink             |       |       |     5 |       ||     5
         Mephitic Cloud    |       |       |    10 |     6 ||    16
 Invoke: Ancestor Identity |       |       |       |     2 ||     2
         Ancestor Life: Ba |       |       |       |     1 ||     1
  Evoke: Wand              |       |       |     2 |       ||     2
    Use: Scroll            |       |     4 |     4 |       ||     8
         Potion            |       |       |     1 |       ||     1
   Stab: Sleeping          |       |       |     1 |       ||     1
 Armour: Leather armour    |     7 |    20 |    13 |       ||    40
         Robe              |     3 |       |       |       ||     3
         Ring mail         |       |       |    22 |     8 ||    30
  Dodge: Dodged            |    31 |    78 |    93 |    14 ||   216

Table legend: (Time is in decaauts)
 A = Elapsed time spent in this place.
 B = Non-inter-level travel time spent in this place.
 C = Inter-level travel time spent in this place.
 D = Time resting spent in this place.
 E = Time spent auto-exploring this place.
 F = Levels seen in this place.
 G = Mean time per level.
                   A        B        C        D        E       F      G
               +--------+--------+--------+--------+--------+-----+--------+
         Total |  10724 |   9775 |    949 |   1070 |   6850 |  10 | 1072.4 |
       Dungeon |  10671 |   9754 |    917 |   1070 |   6839 |   9 | 1185.7 |
        Temple |     52 |     20 |     32 |      0 |     11 |   1 |   52.0 |
               +--------+--------+--------+--------+--------+-----+--------+

Top non-repeatable levels by time:
     D:4: 1801 daAuts
     D:6: 1622 daAuts
     D:1: 1414 daAuts
     D:7: 1363 daAuts
     D:5: 1357 daAuts
     D:3: 967 daAuts
     D:8: 962 daAuts
     D:2: 728 daAuts
     D:9: 454 daAuts
  Temple: 52 daAuts
